 Dungeon Sprint DCSS version 0.29-a0-732-g3d7fbe0af2 (webtiles) character file.

Game seed: 2380648071407156393

2207 mhtbhm the Gouger (level 9, -7/43 HPs)
             Began as a Felid Transmuter on June 29, 2022.
             Was an Elder of Okawaru.
             Mangled by Donald
             ... wielding a +1 war axe of holy wrath
              (12 damage)
             ... in the Dungeon (Sprint III: "The Ten Rune Challenge").
             The game lasted 00:04:17 (1594 turns).

mhtbhm the Gouger (Felid Transmuter)                Turns: 1594, Time: 00:04:18

Health: -7/43      AC:  8    Str: 12    XL:     9   Next: 13%
Magic:  16/23      EV: 13    Int: 14    God:    Okawaru [****..]
Gold:   24         SH:  0    Dex: 17    Spells: 13/26 levels left
                                        Lives:  0   Deaths: 2

rFire   x . .      SeeInvis +     - Unarmed
rCold   + + +      Faith    .   (shield unavailable)
rNeg    . . .      Spirit   .   (body armour unavailable)
rPois   +          Reflect  .   (helmet unavailable)
rElec   .          Harm     .   (cloak unavailable)
rCorr   .          Rampage  .   (gloves unavailable)
Will    +....      NoTele   +   (boots unavailable)
Stlth   ++++......              (no amulet)
HPRegen 0.14/turn               (no ring)
MPRegen 0.18/turn               (no ring)

@: ice-form, wereblooded, hasted, very quick
A: freezing attack, amphibious, boosted hp, large, (claws 1), (fangs 3), see
invisible, (speed 1), (shaggy fur 2), (stealthy paws), no weapons or thrown
items, no armour, multi-lived, strong 1
a: End Transformation, Renounce Religion, Heroism, Finesse


You were in the Dungeon.
You worshipped Okawaru.
Okawaru was greatly pleased with you.
You were a creature of crystalline ice.
You visited 1 branch You collected 24 gold pieces.

Inventory:

Wands
 n - a wand of polymorph (7)
Scrolls
 f - a scroll of fog {unknown}
 g - a scroll of blinking
 h - a scroll of poison {unknown}
 i - 2 scrolls of identify {unknown}
 k - a scroll of torment {unknown}
Potions
 a - 3 potions of mutation
 b - 2 potions of curing
 c - a potion of heal wounds
 e - 2 potions of magic
 j - a potion of attraction {unknown}
 l - 2 potions of flight
Miscellaneous
 o - a phial of floods (inert)


   Skills:
 + Level 2.2 Fighting
 + Level 7.3 Dodging
 + Level 9.8 Stealth
 + Level 14.0 Unarmed Combat
 + Level 9.4 Spellcasting
 + Level 10.5 Transmutations
 + Level 4.1 Ice Magic
 * Level 4.1 Invocations


You had 13 spell levels left.
You knew the following spells:

 Your Spells              Type           Power      Damage    Failure   Level
a - Beastly Appendage     Tmut           72%        N/A       1%          1
b - Wereblood             Tmut           36%        N/A       1%          2
c - Spider Form           Tmut/Pois      21%        N/A       3%          3
d - Ice Form              Ice/Tmut       27%        N/A       5%          4
e - Mephitic Cloud        Conj/Pois/Air  6%         N/A       32%         3

Your spell library contained the following spells:

 Spells                   Type           Power      Damage    Failure   Level
 Ignite Poison            Fire/Tmut/Pois 16%        N/A       8%          3
 Static Discharge         Conj/Air       6%         N/A       17%         2
 Freezing Cloud           Conj/Ice/Air   5%         6-21      86%         5
 Lightning Bolt           Conj/Air       3%         1d14      97%         5
 Maxwell's Capacitive Co  Air            3%         ∞         100%        8


Dungeon Overview and Level Annotations

Branches:
Dungeon (1/1)

Altars:
Cheibriados
Dithmenos
Elyvilon
Fedhas
Gozag
Hepliaklqana
Kikubaaqudgha
Makhleb
Nemelex Xobeh
Okawaru
Qazlal
Ru
Sif Muna
Trog
Uskayaw
Vehumet
Wu Jian
Xom
Yredelemnul
Zin
The Shining One
Beogh
Jiyva
Lugonu

Annotations:
D Donald, Frances


Innate Abilities, Weirdness & Mutations

You are a creature of crystalline ice.
You have a powerful freezing melee attack.
You are amphibious.
Your maximum health is increased.
((You have sharp claws.))
((You have razor-sharp teeth.))
You have supernaturally acute eyesight. (SInv)
((You cover ground quickly. (Speed+)))
((You are covered in thick fur. (AC +2)))
((Your paws help you pounce on unaware monsters.))
You are incapable of wielding weapons or throwing items.
You cannot wear armour.
You gain extra lives every three experience levels.
Your muscles are strong. (Str +4, Int/Dex -1)


Message History

Aiming: Polymorph
Press: ? - help, Shift-Dir - straight line, f - Donald, p - Frances
Aim: Donald, wielding a +1 war axe of holy wrath, wearing a +0 scale mail and wearing a +1 kite shield of reflection (strong, will become an emperor scorpion, a ghost moth, or a storm dragon, chance to affect: 1%)
Okay, then.
Unknown command.
Casting: Wereblood (safe; 1% risk of failure)
Confirm with . or Enter, or press ? or * to list all spells.
Okay, then.
Casting: Wereblood (safe; 1% risk of failure)
Confirm with . or Enter, or press ? or * to list all spells.
The spell is quite dangerous to miscast (32% risk of failure)!
Continue anyway?
Aiming: Mephitic Cloud (quite dangerous; 32% risk of failure)
Press: ? - help, Shift-Dir - straight line, f - Donald, p - Frances
Aim: Donald, wielding a +1 war axe of holy wrath, wearing a +0 scale mail and wearing a +1 kite shield of reflection (strong, chance to affect: 34%)
The ball explodes into a vile cloud!
The stinking cloud engulfs Donald but does no damage.
The stinking cloud engulfs Frances but does no damage.
Frances is lightly wounded.
Donald is engulfed in noxious fumes.
Unknown command.
Unknown command.
Donald is engulfed in noxious fumes.
Donald casts a spell.
Donald seems to speed up.
You hear a shout! x2
Unknown command.
Okay, then.
Donald blocks your attack.
You hear a shout!
Donald is engulfed in noxious fumes.
Donald hits you with a +1 war axe of holy wrath!!!
Ouch! That really hurt!
* * * LOW HITPOINT WARNING * * *
Unknown command.
Unknown command.
Press: ? - help, v - describe, . - travel A rock wall.
Donald attacks as you move away!
Donald hits you with a +1 war axe of holy wrath!
You die...

+#####################
..§§§'.#.'...'.#.#.#.+
.#§§§#.#.#.).##.#.#.##
.#.§§#.#.#)).#.#.#.#.#
.#§.§#...#...##.#.#.#
▓▓▓▓▓▓▓▓▓▓▓▓▓#.#.#.#
##.#.#.# +.#Y#.#.#
##@#.#.## #@##### ≈≈.
#≈≈.# #...# #####


You could see Frances (waterlogged) and Donald (fast, strong).

Vanquished Creatures
  Josephine (D)
  A centaur warrior (D)
  A deep elf pyromancer (D)
  An unseen horror (D)
  A shadow (D)
  A spatial vortex (D)
  2 centaurs (D)
  An earth elemental (D)
  A necrophage (D)
  A water elemental (D)
  A jelly (D)
  Crazy Yiuf (D)
  Jessica (D)
  A wizard (D)
  A necromancer (D)
  3 humans (D)
  A kobold demonologist (D)
  An endoplasm (D)
  2 rats (D)
23 creatures vanquished.

Notes
Turn   | Place    | Note
-------+----------+-------------------------------------------
     0 | D        | mhtbhm the Felid Transmuter began the quest for the Orb.
     0 | D        | Reached XP level 1. HP: 9/9 MP: 4/4
    21 | D        | Noticed Jessica
    26 | D        | Killed Jessica
    27 | D        | Reached skill level 5 in Unarmed Combat
    27 | D        | Reached XP level 2. HP: 12/12 MP: 5/7
   114 | D        | Learned a level 2 spell: Wereblood
   121 | D        | Reached XP level 3. HP: 15/15 MP: 4/8
   129 | D        | Learned a level 3 spell: Spider Form
   260 | D        | Noticed Crazy Yiuf
   264 | D        | Killed Crazy Yiuf
   265 | D        | Reached skill level 6 in Unarmed Combat
   272 | D        | Reached XP level 4. HP: 18/19 MP: 4/10
   388 | D        | Gained mutation: Your muscles are strong. (Str +4, Int/Dex
                  | -1) [potion of mutation]
   397 | D        | Learned a level 4 spell: Ice Form
   433 | D        | Noticed a water elemental
   437 | D        | Killed a water elemental
   438 | D        | Reached skill level 5 in Dodging
   438 | D        | Reached skill level 7 in Unarmed Combat
   441 | D        | Found a radiant altar of Vehumet.
   441 | D        | Found a shimmering blue altar of Sif Muna.
   441 | D        | Found an ancient bone altar of Kikubaaqudgha.
   441 | D        | Noticed a wizard
   448 | D        | Reached XP level 5. HP: 22/22 MP: 5/12
   451 | D        | Reached skill level 8 in Unarmed Combat
   451 | D        | Reached skill level 5 in Transmutations
   517 | D        | Learned a level 3 spell: Mephitic Cloud
   832 | D        | Found a basalt altar of Yredelemnul.
   832 | D        | Found a shadowy altar of Dithmenos.
   832 | D        | Found a sacrificial altar of Ru.
   836 | D        | Reached skill level 5 in Spellcasting
   841 | D        | Reached skill level 9 in Unarmed Combat
   845 | D        | Found a hide-covered altar of Uskayaw.
   845 | D        | Found an iron altar of Okawaru.
   845 | D        | Found a bloodstained altar of Trog.
   845 | D        | Found an ornate altar of the Wu Jian Council.
   845 | D        | Noticed a human
   846 | D        | Noticed a human
   850 | D        | Killed a human
   851 | D        | Reached skill level 1 in Ice Magic
   851 | D        | Gained mutation: You are covered in thick fur. (AC +2)
                  | [Felid growth]
   851 | D        | Reached XP level 6. HP: 25/25 MP: 10/16
   853 | D        | Killed a human
   854 | D        | Reached skill level 5 in Stealth
   854 | D        | Reached skill level 10 in Unarmed Combat
   854 | D        | Reached XP level 7. HP: 28/28 MP: 12/18
   856 | D        | Found a glowing silver altar of Zin.
   856 | D        | Found a glowing golden altar of the Shining One.
   856 | D        | Found a white marble altar of Elyvilon.
   856 | D        | Noticed a deep elf pyromancer
   859 | D        | Slain by a deep elf pyromancer
   860 | D        | Reached XP level 6. HP: -2/30 MP: 12/16
   867 | D        | Noticed a fire elemental
   867 | D        | Noticed a fire elemental
   867 | D        | Killed a deep elf pyromancer
   868 | D        | Reached skill level 11 in Unarmed Combat
   868 | D        | Reached XP level 7. HP: 28/28 MP: 12/19
   915 | D        | Noticed a shadow
   918 | D        | Killed a shadow
   923 | D        | Found a blossoming altar of Fedhas.
   923 | D        | Found a stormy altar of Qazlal.
   924 | D        | Found a snail-covered altar of Cheibriados.
   924 | D        | Found a burning altar of Makhleb.
   924 | D        | Found a hazy altar of Hepliaklqana.
   924 | D        | Found a shimmering altar of Xom.
   924 | D        | Found an opulent altar of Gozag.
   924 | D        | Found a sparkling altar of Nemelex Xobeh.
   924 | D        | Found a corrupted altar of Lugonu.
   924 | D        | Found a viscous altar of Jiyva.
   924 | D        | Noticed a spatial vortex
   932 | D        | Killed a spatial vortex
   933 | D        | Reached skill level 12 in Unarmed Combat
  1133 | D        | Became a worshipper of Warmaster Okawaru
  1152 | D        | Noticed Josephine
  1157 | D        | HP: 1/31 [Josephine/ghostly fireball (30)]
  1158 | D        | Slain by Josephine
  1159 | D        | Reached XP level 6. HP: -4/27 MP: 12/18
  1163 | D        | Killed Josephine
  1163 | D        | Reached * piety under Okawaru
  1163 | D        | Reached ** piety under Okawaru
  1164 | D        | Reached skill level 13 in Unarmed Combat
  1164 | D        | Reached skill level 10 in Transmutations
  1164 | D        | Reached XP level 7. HP: 28/28 MP: 15/20
  1164 | D        | Reached XP level 8. HP: 32/32 MP: 15/21
  1386 | D        | Noticed a centaur warrior
  1395 | D        | Reached skill level 1 in Invocations
  1397 | D        | Killed a centaur warrior
  1397 | D        | Reached *** piety under Okawaru
  1579 | D        | Noticed an unseen horror
  1580 | D        | Killed an unseen horror
  1580 | D        | Reached **** piety under Okawaru
  1581 | D        | Reached skill level 14 in Unarmed Combat
  1581 | D        | Reached XP level 9. HP: 36/36 MP: 19/23
  1584 | D        | Noticed Donald
  1584 | D        | Noticed Frances
  1594 | D        | Mangled by Donald

Illustrated notes

Levels and vault maps discovered:
D:        dungeon_sprint_mu [sprint_mu_entry_cave, sprint_mu_temple_rooms,
          sprint_mu_d1_horrors, sprint_mu_d2_genie, sprint_mu_d3_branching,
          sprint_mu_orc_legion, sprint_mu_elf_gauntlet, sprint_mu_hive_nellie,
          sprint_mu_lair_fedhas, sprint_mu_vaults_butterflies,
          sprint_mu_slime_circle, sprint_mu_swamp_cave, sprint_mu_snake_twists,
          sprint_mu_blade_basic, sprint_mu_crypt_chambers,
          sprint_mu_tomb_spiral, sprint_mu_vestibule_basic,
          sprint_mu_gehenna_hellfire, sprint_mu_dis_giant,
          sprint_mu_tartarus_statrot, sprint_mu_cocytus_islands, sprint_mu_zot1]

Skill      XL: |  1  2  3  4  5  6  7  8 |
---------------+-------------------------+-----
Dodging        | 3 4 5 6 7 |  7.3
Unarmed Combat | 5 6 7 9 13 12 14 | 14.0
Spellcasting   | 3 4 6 7 8 9 |  9.4
Transmutations | 3 4 6 10 9 | 10.5
Stealth        | 2 4 8 9 |  9.8
Ice Magic      | 1 3 2 4 |  4.1
Invocations    | 4 |  4.1
Fighting       | 2 |  2.2

Action                   |  1- 3 |  4- 6 |  7- 9 || total
-------------------------+-------+-------+-------++-------
Melee: Unarmed           |    15 |    29 |    32 ||    76
       Bite              |     1 |       |       ||     1
 Cast: Beastly Appendage |     2 |       |       ||     2
       Wereblood         |     1 |     3 |     3 ||     7
       Ice Form          |       |     4 |     4 ||     8
       Mephitic Cloud    |       |       |     1 ||     1
Evoke: Phial of floods   |       |       |     1 ||     1
  Use: Potion            |     2 |     1 |     3 ||     6
 Stab: Sleeping          |       |     2 |     3 ||     5
Armor: Skin              |     5 |     8 |    20 ||    33
Dodge: Dodged            |     3 |    14 |    27 ||    44

Table legend: (Time is in decaauts)
 A = Elapsed time spent in this place.
 B = Non-inter-level travel time spent in this place.
 C = Inter-level travel time spent in this place.
 D = Time resting spent in this place.
 E = Time spent auto-exploring this place.
 F = Levels seen in this place.
 G = Mean time per level.
                   A        B        C        D        E       F      G
               +--------+--------+--------+--------+--------+-----+--------+
         Total |   1571 |   1571 |      0 |   1212 |     12 |   1 | 1571.0 |
       Dungeon |   1571 |   1571 |      0 |   1212 |     12 |   1 | 1571.0 |
               +--------+--------+--------+--------+--------+-----+--------+

Top non-repeatable levels by time:
       D: 1571 daAuts
